Map: Romanticide LE

Players

DPGDark (Dark) - Winner!

  • Race: Zerg Zerg
  • League: Master
  • Spawn Location: 11:00

Maru

  • Race: Terran Terran
  • League: Master
  • Spawn Location: 5:00

Event: TSL 6

VOD

Have the link to the VOD?

Description

Time

  • Played on: Dec. 20, 2020, 4:08 p.m.
  • Length: 13:19

All games in this series

Show
View Real Time Build Order
Export as new Build Order

DPGDark Zerg - Winner!

Build Orders: Hatch First, Lurkers 

Get SALT Encoding   

  12  0:00  Drone  
  13  0:12  Overlord  
  13  0:17  Drone  
  14  0:30  Drone  
  14  0:31  Drone  
  16  0:48  Hatchery  
  15  0:52  Drone  
  15  0:55  Drone  
  17  0:59  Drone  
  18  1:09  Extractor  
  17  1:14  Spawning Pool  
  17  1:17  Drone  
  17  1:20  Drone  
  18  1:27  Drone  
  19  1:39  Drone  
  20  1:49  Drone  
  21  2:01  Queen x2  
  21  2:02  Zergling x4  
  27  2:11  Overlord  
  27  2:14  Drone  
  28  2:21  Hatchery  
  27  2:24  Drone  
  28  2:30  Drone  
  28  2:34  Drone  
  30  2:37  Drone  
  30  2:38  Queen  
  32  2:45  Metabolic Boost  
  32  2:49  Overlord  
  32  2:52  Drone  
  32  2:54  Drone  
  32  2:57  Drone  
  35  3:07  Drone x2  
  35  3:10  Drone  
  35  3:11  Drone  
  39  3:14  Queen, Drone  
  39  3:15  Drone  
  43  3:22  Overlord  
  43  3:29  Roach Warren  
  43  3:31  Drone  
  43  3:32  Queen  
  45  3:36  Drone x2  
  47  3:42  Zergling x4, Extractor  
  47  3:45  Drone  
  47  3:48  Drone x3  
  51  3:49  Drone  
  51  3:55  Overlord  
  53  3:56  Drone x2  
  53  3:57  Drone  
  53  3:59  Drone  
  57  4:04  Lair  
  57  4:08  Overlord  
  57  4:14  Roach x2  
  57  4:15  Roach  
  57  4:16  Drone  
  57  4:17  Drone  
  65  4:27  Drone  
  65  4:28  Drone x6  
  72  4:35  Drone  
  72  4:36  Overlord  
  72  4:38  Overlord  
  73  4:41  Overlord  
  73  4:44  Extractor, Overlord  
  73  4:45  Extractor  
  71  4:46  Drone x2  
  71  4:50  Overlord  
  71  4:52  Overlord  
  73  4:55  Drone x3  
  73  4:56  Drone  
  77  5:02  Drone x3  
  77  5:05  Glial Reconstitution  
  80  5:08  Drone  
  80  5:09  Drone  
  82  5:15  Drone x2  
  82  5:17  Extractor  
  82  5:18  Extractor  
  82  5:23  Evolution Chamber x2  
  82  5:24  Drone  
  82  5:25  Drone x4  
  82  5:27  Roach x4  
  93  5:31  Roach  
  95  5:37  Roach  
  97  5:44  Roach x4  
  97  5:49  Infestation Pit  
  104  5:50  Zerg Missile Weapons Level 1, Drone x3  
  104  5:51  Hydralisk Den  
  104  5:58  Drone x3  
  104  6:02  Drone  
  108  6:08  Roach x4  
  116  6:12  Overlord, Drone  
  116  6:14  Hatchery  
  115  6:20  Roach x3  
  115  6:21  Roach  
  115  6:23  Hatchery  
  115  6:24  Zerg Ground Armor Level 1  
  120  6:32  Hive  
  116  6:33  Drone, Lurker Den  
  116  6:35  Drone x4  
  116  6:36  Drone  
  121  6:42  Roach, Lurker Den  
  121  6:45  Roach x2  
  121  6:46  Roach  
  128  6:47  Extractor  
  128  6:49  Overlord  
  128  6:51  Overlord, Extractor  
  126  6:56  Overlord  
  126  7:01  Overlord x2  
  126  7:07  Roach x2  
  130  7:09  Zergling x12  
  136  7:15  Zergling x2  
  136  7:16  Zergling x6  
  136  7:22  Zergling x6  
  143  7:23  Overlord  
  143  7:29  Hydralisk  
  145  7:31  Hydralisk  
  145  7:32  Hydralisk x2  
  145  7:35  Zergling x8  
  155  7:39  Overlord  
  155  7:44  Viper x3  
  155  7:48  Zergling x6  
  166  7:53  Ravager x2  
  166  7:54  Ravager x2  
  166  7:57  Zergling x10  
  175  8:00  Adaptive Talons  
  175  8:02  Zergling x2  
  175  8:03  Zergling x8  
  180  8:10  Drone x3  
  176  8:14  Lurker x4  
  176  8:16  Drone x4  
  176  8:17  Drone x3  
  187  8:23  Drone x3  
  190  8:29  Zerg Missile Weapons Level 2  
  190  8:32  Zerg Ground Armor Level 2  
  190  8:39  Seismic Spines  
  189  8:52  Zergling x8  
  186  9:13  Spore Crawler x2  
  186  9:16  Hydralisk x2  
  186  9:17  Overlord, Hydralisk x2  
  182  9:18  Overlord  
  182  9:20  Hatchery  
  186  9:32  Nydus Network  
  185  9:39  Spore Crawler x2  
  185  9:40  Spore Crawler  
  185  9:45  Hydralisk x6  
  187  9:51  Hatchery  
  193  10:03  Lurker  
  193  10:04  Lurker x3  
  193  10:05  Spawning Pool  
  196  10:08  Evolution Chamber  
  195  10:16  Lurker x4  
  195  10:19  Nydus Canal  
  196  10:23  Lurker x2  
  197  10:32  Hydralisk, Overseer  
  198  10:36  Nydus Canal  
  198  10:56  Hydralisk x3  
  179  10:57  Zergling x2  
  179  10:58  Zergling x12  
  179  11:00  Hydralisk  
  189  11:07  Hydralisk x2  
  192  11:11  Zergling x2  
  192  11:12  Zergling x14, Nydus Canal  
  192  11:13  Overseer  
  192  11:27  Zergling x14, Nydus Canal  
  192  11:29  Hydralisk x2  
  192  11:31  Zergling x4, Lurker  
  200  11:39  Hydralisk, Burrow  
  185  11:40  Zergling x12, Baneling Nest  
  185  11:44  Hydralisk x2  
  193  11:54  Zergling x10  
  181  11:56  Hydralisk, Lurker x2  
  188  12:02  Drone x3  
  188  12:03  Drone x2  
  188  12:04  Drone  
  188  12:05  Drone x3  
  197  12:08  Spore Crawler  
  197  12:09  Lurker x2, Overseer  
  197  12:10  Lurker  
  183  12:23  Lurker x2  
  183  12:25  Drone x2  
  183  12:26  Lurker x2  
  183  12:27  Drone x2  
  184  12:38  Zergling x2  
  184  12:39  Zergling x18  
  179  12:44  Lurker  
  179  12:45  Zergling x14  
  179  12:47  Hydralisk x2  
  171  12:51  Hydralisk x2  
  171  12:54  Zergling x6  
Show
View Real Time Build Order
Export as new Build Order

Maru Terran 

Build Orders: Reaper Expand 

Get SALT Encoding   

  12  0:00  SCV  
  13  0:12  SCV  
  14  0:17  Supply Depot  
  14  0:24  SCV  
  15  0:38  SCV  
  15  0:40  Barracks  
  15  0:42  Refinery  
  16  0:50  SCV  
  17  1:02  SCV  
  18  1:15  SCV  
  19  1:27  Orbital Command, Reaper  
  20  1:38  Command Center  
  20  1:51  Supply Depot  
  20  1:52  SCV  
  21  1:59  Marine  
  22  2:05  SCV  
  22  2:08  Factory  
  23  2:17  SCV  
  23  2:20  Barracks Reactor  
  24  2:29  SCV  
  25  2:41  SCV  
  25  2:43  Command Center  
  26  2:51  Orbital Command  
  26  2:53  SCV  
  26  2:55  Barracks  
  29  3:06  Hellion x2  
  29  3:08  SCV  
  32  3:17  SCV  
  32  3:18  Barracks Tech Lab  
  33  3:25  SCV  
  36  3:27  Hellion x2  
  36  3:29  SCV  
  39  3:36  Marine  
  39  3:37  Supply Depot, Stimpack  
  39  3:38  SCV  
  41  3:42  SCV, Refinery  
  42  3:50  SCV  
  42  3:54  SCV, Marine x2  
  42  3:55  Marine  
  47  3:56  Orbital Command  
  47  4:02  Factory Reactor, Starport  
  47  4:03  SCV  
  47  4:06  SCV  
  49  4:12  Marine x2  
  49  4:13  Marine  
  49  4:15  Refinery, SCV  
  53  4:17  Supply Depot  
  53  4:19  SCV  
  53  4:23  SCV  
  55  4:27  SCV  
  55  4:30  Marine x3  
  59  4:35  SCV  
  61  4:39  Orbital Command  
  61  4:40  Supply Depot  
  60  4:47  Medivac x2, Bunker  
  60  4:48  Factory Tech Lab, Marine  
  60  4:49  Marine x2  
  60  4:51  SCV x2  
  69  5:00  Engineering Bay  
  69  5:01  Engineering Bay  
  69  5:05  Supply Depot  
  69  5:06  SCV x2, Marine  
  72  5:07  SCV  
  72  5:09  Marine x2  
  72  5:12  Siege Tank  
  78  5:18  Refinery  
  78  5:19  SCV  
  79  5:24  Supply Depot, Marine  
  79  5:26  SCV x2  
  82  5:28  Supply Depot, Terran Infantry Weapons Level 1  
  82  5:29  Terran Infantry Armor Level 1  
  82  5:31  SCV  
  82  5:35  Marine x2  
  84  5:38  SCV  
  84  5:42  SCV, Marine  
  87  5:45  Siege Tank  
  87  5:47  SCV  
  87  5:49  Medivac  
  93  5:50  SCV  
  93  5:54  SCV  
  94  5:59  SCV  
  94  6:02  SCV  
  95  6:06  SCV  
  95  6:11  Barracks, SCV  
  97  6:12  Barracks  
  97  6:14  Combat Shield, Barracks  
  97  6:16  SCV  
  97  6:19  SCV  
  97  6:21  Marine x3  
  97  6:22  Siege Tank  
  104  6:27  SCV  
  104  6:29  Supply Depot  
  101  6:33  SCV x2  
  101  6:37  Medivac x2  
  101  6:39  SCV  
  108  6:45  Supply Depot  
  108  6:46  Supply Depot, SCV  
  109  6:51  Command Center, SCV x2  
  111  7:01  Marine  
  109  7:02  Barracks Reactor x2, Barracks Tech Lab  
  109  7:03  SCV x2  
  109  7:05  Supply Depot, SCV, Refinery x2  
  113  7:13  Medivac x2  
  113  7:15  SCV, Siege Tank  
  121  7:23  Marauder, Marine x3  
  121  7:28  SCV  
  121  7:29  SCV x2  
  129  7:35  Factory  
  129  7:40  Marine x4  
  129  7:41  Concussive Shells, Marine x3  
  136  7:44  Marine  
  136  7:45  Supply Depot  
  136  7:46  Supply Depot  
  136  7:47  Supply Depot  
  137  7:57  Marine  
  138  7:58  Marine x3  
  138  8:02  Marine x4  
  138  8:04  Supply Depot  
  138  8:05  Armory x2  
  143  8:15  Marine  
  143  8:17  Barracks x3  
  143  8:19  SCV  
  145  8:20  Factory Tech Lab  
  145  8:31  Siege Tank  
  145  8:32  Marauder, Marine x6  
  145  8:33  Marine  
  157  8:34  SCV x3  
  160  8:46  SCV  
  160  8:47  SCV x2  
  163  8:50  Marine x2  
  163  8:55  Marauder, Marine x2  
  165  9:00  Supply Depot  
  165  9:04  Marine x2  
  165  9:05  Marauder, Siege Tank  
  172  9:10  Barracks Tech Lab x3  
  172  9:11  Ghost Academy  
  172  9:16  Planetary Fortress  
  172  9:21  Terran Infantry Armor Level 2, Terran Infantry Weapons Level 2  
  172  9:23  Command Center  
  172  9:29  Terran Vehicle Weapons Level 1, Terran Vehicle And Ship Armor Level 1  
  172  9:34  Unknown  
  172  9:40  Marauder x4  
  172  9:44  Sensor Tower  
  176  9:59  Ghost  
  177  10:00  Ghost, Marine  
  177  10:01  Ghost x2, Marine x5  
  189  10:12  Siege Tank x2  
  189  10:14  Supply Depot  
  195  10:15  Command Center  
  190  10:25  SCV  
  188  10:34  Personal Cloaking, Ghost  
  188  10:35  Ghost  
  196  10:55  Siege Tank  
  136  11:27  Siege Tank  
  121  11:34  Factory x2  
  121  11:39  Orbital Command  
  113  11:42  SCV x2  
  115  11:54  SCV  
  115  11:59  Siege Tank  
  115  12:00  Enhanced Shockwaves  
  98  12:08  SCV  
  98  12:22  SCV  
  99  12:31  Siege Tank  
  99  12:34  SCV  
  102  12:37  Factory Tech Lab x2  
Tags
 
Add a new tag
Caveats
  • Supply blocks, unpowered buildings, or Contaminate may cause inaccurate times.
  • Supply counts are checked every 10 seconds.